 Dungeon Crawl Stone Soup version 0.26-a0-474-gfaca0e1de5 (webtiles) character file.

Game seed: 1252106860476774134

125 Baz the Insei (level 5, -1/34 HPs)
             Began as an Octopode Transmuter on July 31, 2020.
             Was an Initiate of Kikubaaqudgha.
             Slain by an iguana (9 damage)
             ... on level 3 of the Dungeon.
             The game lasted 00:06:22 (2949 turns).

Baz the Insei (Octopode Transmuter)                 Turns: 2949, Time: 00:06:23

Health: -1/34      AC:  2    Str:  9    XL:     5   Next: 9%
Magic:  4/8        EV: 20    Int: 16    God:    Kikubaaqudgha [......]
Gold:   58         SH:  0    Dex: 18    Spells: 2/8 levels left

rFire    . . .     SeeInvis .     - Unarmed
rCold    . . .     Faith    .   (shield currently unavailable)
rNeg     . . .     Spirit   .   (helmet currently unavailable)
rPois    x         Reflect  .   (no amulet)
rElec    .         Harm     .   (no ring)
rCorr    .                      (no ring)
MR       .....                  (no ring)
Stlth    ++........             (no ring)
HPRegen  0.11/turn              (no ring)
MPRegen  0.11/turn              (no ring)
                                (no ring)
                                (no ring)

@: spider-form
A: tiny, almost no armour, stealthy swim, (amphibious), 8 rings, (constrict 8)
a: End Transformation, Renounce Religion


You were on level 3 of the Dungeon.
You worshipped Kikubaaqudgha.
Kikubaaqudgha was noncommittal.
You were a venomous arachnid creature.
You visited 1 branch of the dungeon, and saw 3 of its levels.

You collected 58 gold pieces.

Inventory:

Armour
 d - a +0 buckler
Scrolls
 a - 2 scrolls of magic mapping {unknown}
 b - a scroll of fear {unknown}
 e - 5 scrolls of remove curse {unknown}
 f - 3 scrolls of identify {unknown}
 k - a scroll of noise {unknown}
Potions
 c - 3 potions of degeneration {unknown}
 g - a potion of might {unknown}
 h - a potion of curing {unknown}
 i - 2 potions of mutation {unknown}
 j - a potion of berserk rage {unknown}


   Skills:
 + Level 2.1 Fighting
 - Level 2.5 Dodging
 + Level 2.4 Stealth
 + Level 3.6 Unarmed Combat
 - Level 2.0 Spellcasting
 * Level 3.0 Transmutations
 + Level 1.0 Poison Magic


You had 2 spell levels left.
You knew the following spells:

 Your Spells              Type           Power        Failure   Level
a - Beastly Appendage     Tmut           ##....       17%         1
b - Wereblood             Tmut           ##......     22%         2
c - Spider Form           Tmut/Pois      #.........   47%         3

Your spell library contained the following spells:

 Spells                   Type           Power        Failure   Level
 Ice Form                 Ice/Tmut       #.......     88%         4
 Blade Hands              Tmut           ##........   95%         5


Dungeon Overview and Level Annotations

Branches:
Dungeon (3/15)

Altars:
Elyvilon
Kikubaaqudgha
Nemelex Xobeh


Innate Abilities, Weirdness & Mutations

You cannot wear most types of armour.
You are very stealthy in the water. (Stealth+)
((You are amphibious.))
You can wear up to eight rings at the same time.
((You can use your tentacles to constrict eight enemies at once.))
((Your skin changes colour to match your surroundings (Stealth+).))
((Your rubbery body absorbs attacks. (AC +1, EV +1)))


Message History

The iguana is moderately wounded.
You constrict the iguana. The iguana bites you!
* * * LOW HITPOINT WARNING * * *
You barely miss the iguana.
You pierce the iguana.
The iguana is heavily wounded.
You constrict the iguana. The iguana barely misses you.
You tentacle-slap the iguana but do no damage.
The iguana is severely wounded.
You constrict the iguana.
The iguana bites you but does no damage.
Unknown command.
You release your grip on the iguana.
Casting: Beastly Appendage (safe; 6% risk of failure)
Confirm with . or Enter, or press ? or * to list all spells.
The spell is quite dangerous to cast (26% risk of failure)!
Continue anyway?
Your tentacle spike disappears.
You turn into a venomous arachnid creature.
The iguana bites you!
You die...
Kikubaaqudgha rasps: "You have failed me!
Welcome... death!"

.. .. ##. #..
####### #.#
.#....####.#
##.##†#†##.#.#
#l##.##.....<###
#s.#..#.†......+
##.##.####....###
#).#..# ##.#.#
##.##.# ###.#
#.##.## #.#
#(....# ..#
####### .#. # #


You could see an iguana.

Vanquished Creatures
  A gnoll (D:2)
  3 adders
  2 worms
  4 dart slugs (D:1)
  A leopard gecko (D:2)
  3 giant cockroaches
  5 goblins
  13 hobgoblins
  10 jackals
  A quokka (D:3)
  5 bats
  7 frilled lizards
  8 kobolds
  5 rats
68 creatures vanquished.

Notes
Turn   | Place    | Note
-------+----------+-------------------------------------------
     0 | D:1      | Baz the Octopode Transmuter began the quest for the Orb.
     0 | D:1      | Reached XP level 1. HP: 13/13 MP: 3/3
   158 | D:1      | Reached skill level 1 in Stealth
   158 | D:1      | Reached XP level 2. HP: 14/18 MP: 3/5
   224 | D:1      | Learned a level 2 spell: Wereblood
   693 | D:1      | Reached XP level 3. HP: 23/23 MP: 6/6
  1211 | D:2      | Reached XP level 4. HP: 25/29 MP: 3/7
  1232 | D:2      | Learned a level 3 spell: Spider Form
  1581 | D:2      | Found a faded altar of an unknown god.
  1819 | D:2      | Found a white marble altar of Elyvilon.
  1854 | D:2      | Found a sparkling altar of Nemelex Xobeh.
  1994 | D:2      | Found an ancient bone altar of Kikubaaqudgha.
  2632 | D:2      | Became a worshipper of Kikubaaqudgha
  2837 | D:3      | Reached skill level 1 in Poison Magic
  2837 | D:3      | Reached XP level 5. HP: 22/34 MP: 6/8
  2949 | D:3      | Slain by an iguana

Illustrated notes

Levels and vault maps discovered:
D:1:      nagdon_arrival_zigzag_paths, layout_basic
D:2:      layout_basic, nicolae_overflow_crystal_walls,
          kiku_gazebo_garden_becter, elyvilon_altar_4,
          chequers_ecumenical_altar_grove
D:3:      minmay_angry_zag, layout_loops_corners, lemuel_crystal_altar,
          uniq_robin

Skill      XL: |  1  2  3  4 |
---------------+-------------+-----
Stealth        | 1 2 |  2.4
Fighting       | 2 |  2.1
Transmutations | 3 |  3.0
Poison Magic   | 1 |  1.0
Dodging        | |  2.5
Unarmed Combat | |  3.6
Spellcasting   | |  2.0

Action                   |  1- 3 |  4- 6 || total
-------------------------+-------+-------++-------
Melee: Unarmed           |    82 |    92 ||   174
       Constrict         |    23 |    21 ||    44
       Tentacles         |     8 |     8 ||    16
       Kick              |    13 |     3 ||    16
       Punch             |     1 |       ||     1
 Cast: Beastly Appendage |     7 |     3 ||    10
       Wereblood         |     3 |     2 ||     5
       Spider Form       |       |     2 ||     2
 Stab: Sleeping          |     4 |     8 ||    12
Armor: Skin              |     4 |     6 ||    10
Dodge: Dodged            |    50 |    43 ||    93

Table legend: (Time is in decaauts)
 A = Elapsed time spent in this place.
 B = Non-inter-level travel time spent in this place.
 C = Inter-level travel time spent in this place.
 D = Time resting spent in this place.
 E = Time spent auto-exploring this place.
 F = Levels seen in this place.
 G = Mean time per level.
                   A        B        C        D        E       F      G
               +--------+--------+--------+--------+--------+-----+--------+
         Total |   2938 |   2789 |    149 |   1063 |   1076 |   3 |  979.3 |
       Dungeon |   2938 |   2789 |    149 |   1063 |   1076 |   3 |  979.3 |
               +--------+--------+--------+--------+--------+-----+--------+

Top non-repeatable levels by time:
     D:2: 1503 daAuts
     D:1: 1173 daAuts
     D:3: 261 daAuts
